[Event "44th Indian Team Championship 2025"]
[Site "Gujarat"]
[Date "2025.03.05"]
[Round "1.1"]
[White "Nitin, S.."]
[Black "Dave Sneh"]
[Result "0-1"]
[Annotator "RC"]
[ECO "C26"]
[WhiteElo "2349"]
[BlackElo "1762"]
[PlyCount "96"]
[EventDate "2025.03.03"]
[EventCountry "IND"]
[SourceTitle "playchess.com"]
[Source "ChessBase"]
[SourceQuality "1"]
[TimeControl "5400+30"]

1. e4 e5 2. Nc3 Nc6 3. g3 Nf6 4. Bg2 a6 5. d3 Bc5 6. Nge2 h5 7. h3 h4 8. Bg5 hxg3 9. Nxg3 Nd4 10. Qd2 c6 11. O-O-O Ne6 12. h4 Qa5 13. Nf5 Ng4 14. Rdf1 g6 15. Ne3 Nxe3 16. fxe3 Nxg5 17. hxg5 Rxh1 18. Rxh1 Qd8 19. d4 Bf8 20. dxe5 Qxg5 21. Na4 b5 22. Nb6 Rb8 23. Nxc8 Rxc8 24. Rh7 Qxe5 25. Rxf7 Kxf7 26. Qxd7+ Be7 27. Qxc8 Qg3 28. Kd1 Qxg2 29. Qxc6 Qf1+ 30. Kd2 Qf6 31. Qd5+ Qe6 32. Qa8 Qxa2 33. b3 Qa3 34. Qd5+ Kf8 35. e5 Qc5 36. Qe6 Bg5 37. Qh3 Qxe5 38. c4 bxc4 39. bxc4 Ke7 40. Qh7+ Kd8 41. Qxg6 Qxe3+ 42. Kc2 Qd2+ 43. Kb3 a5 44. Qb6+ Ke7 45. c5 Qd5+ 46. Kc2 Qc4+ 47. Kd1 Qd3+ 48. Ke1 Bh4# 0-1

[Event "44th Indian Team Championship 2025"]
[Site "Gujarat"]
[Date "2025.03.05"]
[Round "1.2"]
[White "Saumil Nair"]
[Black "Neelash Saha"]
[Result "0-1"]
[Annotator "TA"]
[ECO "A02"]
[WhiteElo "1871"]
[BlackElo "2460"]
[PlyCount "110"]
[EventDate "2025.03.03"]
[EventCountry "IND"]
[SourceTitle "playchess.com"]
[Source "ChessBase"]
[SourceQuality "1"]
[TimeControl "5400+30"]

1. e3 b6 2. f4 Bb7 3. Nf3 g6 4. Be2 Bg7 5. O-O Nf6 6. d3 {[%emt 0:03:25] A02: Bird's Opening.} d5 7. Ne5 Nfd7 8. d4 {[%emt 0:02:47] The position is equal.} O-O $146 (8... Nxe5 9. fxe5 O-O 10. Nd2 Nd7 11. Nf3 e6 12. Bd2 c5 13. Be1 Bh6 14. Qd3 a5 {0-1 Adhiban,B (2655)-Li,C (2732) Wch Blitz Riadh 2017 (15)}) 9. Nd2 e6 10. Bf3 c5 11. c3 Qe7 12. Re1 Rd8 13. Qa4 Nf6 14. dxc5 (14. Qc2 $15) 14... Qxc5 $17 15. Nb3 Qc7 16. Nd4 Nbd7 17. Nb5 Qb8 18. Nxd7 Rxd7 19. c4 (19. Rd1 $17) 19... dxc4 $19 20. Qxc4 Bxf3 21. gxf3 Qb7 22. e4 Nh5 23. Qe2 a6 24. Nc3 Bd4+ 25. Kh1 Rad8 26. f5 (26. a4 $17) 26... exf5 (26... gxf5 27. Bh6 $17) 27. exf5 $2 {[%emt 0:00:46] [#]} (27. Bd2 {is a better defense.}) 27... Re7 $1 28. Ne4 gxf5 29. Bg5 fxe4 (29... f6 $142 30. Bh6 fxe4) 30. Bxe7 Qxe7 31. Qxe4 Qxe4 32. Rxe4 {[%emt 0:00:05] Rd1 would now be deadly.} Bxb2 33. Rb1 Rd2 34. Rg1+ Kf8 35. Rg2 Rd1+ 36. Rg1 Rd3 37. a4 Bd4 38. Rc1 Nf6 39. Rf4 Be3 40. Rc8+ Kg7 41. Rf5 Nd5 42. Re8 {[%emt 0:00:32] Dodges Ne7} Rd1+ 43. Kg2 Nf4+ 44. Rxf4 Bxf4 {[%emt 0:00:04][%mdl 4096] Endgame KRB-KR} 45. Re2 Rd2 {[%emt 0:00:05] Black mates.} 46. Rxd2 Bxd2 {[%emt 0:00:03] KB-K3P} 47. Kf2 Bf4 48. h3 b5 49. axb5 axb5 {[%emt 0:00:04] KB-KPP} 50. Ke2 Kh6 51. Kd3 Kh5 52. Kc3 Bd6 53. Kd4 Kh4 54. Kd5 {[%emt 0:00:05] [#]} Kxh3 $1 55. Kxd6 (55. Kd4 Kg3) 55... b4 {[%emt 0:00:02] Weighted Error Value: White=0.50/Black=0.10 (very precise)   Mistake:       	White=4     	Black=1      Inaccurate:     	White=4     	Black=1      OK:         	White=10    	Black=16     Best:        	White=3     	Black=3      Brilliant:      	---       	Black=1} 0-1

[Event "44th Indian Team Championship 2025"]
[Site "Gujarat"]
[Date "2025.03.05"]
[Round "1.3"]
[White "Aronyak Ghosh"]
[Black "Shah Moxit J"]
[Result "1-0"]
[Annotator "TA"]
[ECO "A56"]
[WhiteElo "2530"]
[BlackElo "2017"]
[PlyCount "83"]
[EventDate "2025.03.03"]
[EventCountry "IND"]
[SourceTitle "playchess.com"]
[Source "ChessBase"]
[SourceQuality "1"]
[TimeControl "5400+30"]

1. d4 Nf6 2. c4 c5 3. dxc5 e6 4. a3 Bxc5 5. e3 O-O 6. Nf3 {[%emt 0:01:15] A56: Czech Benoni.} b6 7. Bd3 Bb7 8. O-O {[%emt 0:00:08] The position is equal.} Be7 9. Nc3 d5 $146 ({Predecessor:} 9... d6 10. b3 Nbd7 11. Bb2 Rc8 12. Nd2 Nc5 13. Be2 Qc7 14. Qc2 Qb8 15. Rfd1 a6 {0-1 Gemy Vargas,J (2325)-Belous,V (2498) Wch U18 Porto Carras 2010 (2)}) 10. cxd5 Nxd5 11. Be4 Qd7 12. Nxd5 Bxd5 13. Bxd5 Qxd5 14. Qxd5 exd5 15. Rd1 Rd8 16. b4 Bf6 17. Ra2 Nc6 18. Rad2 Rac8 19. g4 (19. Rxd5 Rxd5 20. Rxd5 Nxb4 $17) 19... h6 20. Kg2 (20. Rxd5 Rxd5 21. Rxd5 Nxb4 $17) 20... g6 21. Rd3 Ne7 {[%emt 0:04:10] [#]} 22. e4 $1 Rc4 23. Bxh6 {[%emt 0:04:13] Threatening e5.} Rxe4 24. h3 Rc8 25. Be3 Rc2 26. Nd4 Bxd4 27. Bxd4 Ree2 28. Rf3 f5 (28... Rc7 $142) 29. Bf6 $16 fxg4 30. hxg4 Rc4 31. Kh3 a5 32. bxa5 bxa5 33. Rb1 Rc8 (33... Rc7 {was worth a try.} 34. Rb8+ Rc8) 34. Rb7 $18 Rf8 35. g5 {[%emt 0:03:58][%cal Oh3g2] Kg2! is the strong threat.} (35. Rxe7 $2 {too greedy.} Rxe7 36. g5 Rd7 $19) 35... Nf5 $2 {[%emt 0:05:09] [#]} (35... Rf7 36. Rc3 d4 37. Bxd4 (37. Rcc7 d3 $18) 37... Nf5 38. Rc8+ Rf8 39. Rxf8+ Kxf8) 36. Rxf5 $1 {[%emt 0:01:51] Threatening mate with Rg7+.} gxf5 {[%emt 0:00:15][%mdl 4096] Endgame KRR-KRB} (36... Rf7 37. Rb8+) 37. Rg7+ Kh8 38. Rf7+ Kg8 39. Rg7+ Kh8 40. Re7+ {[%emt 0:00:13] White mates.} Rxf6 41. gxf6 Re4 {[%emt 0:02:30] [#]} 42. f3 $1 {[%emt 0:00:09] Weighted Error Value: White=0.18 (very precise) /Black=0.48  Loses game:     	---       	Black=1      Mistake:       	---       	Black=3      Inaccurate:     	White=1     	Black=2      OK:         	White=15    	Black=5      Best:        	White=3     	---        Brilliant:      	White=1     	---} 1-0

[Event "44th Indian Team Championship 2025"]
[Site "Gujarat"]
[Date "2025.03.05"]
[Round "1.4"]
[White "Godhani Maharth"]
[Black "Gusain, Himal"]
[Result "0-1"]
[Annotator "TA"]
[ECO "D02"]
[WhiteElo "1869"]
[BlackElo "2528"]
[PlyCount "56"]
[EventDate "2025.03.03"]
[EventCountry "IND"]
[SourceTitle "playchess.com"]
[Source "ChessBase"]
[SourceQuality "1"]
[TimeControl "5400+30"]

1. d4 d5 2. Nf3 e6 3. e3 Bd6 4. Bd3 f5 5. Ne5 Nf6 6. O-O {[%emt 0:00:14] D02: 1 d4 d5 2 Nf3 sidelines, including 2...Nf6 3 g3 and 2...Nf6 3 Bf4.} O-O 7. f4 c5 8. b3 {[%emt 0:00:07] The position is equal.} b6 9. Bb2 $146 (9. c3 Ba6 10. Bxa6 Nxa6 11. Nd2 Rc8 12. Qe2 Nb8 13. Bb2 Nc6 14. Ndf3 Ne4 15. Nxc6 Rxc6 {0-1 Carvalho,L (1451)-Sousa,H (1866) Gaia Profigaia op 8th 2015 (4)}) 9... Ba6 10. c4 Ne4 11. Nd2 (11. Bxe4 $11 fxe4 12. Nc3) 11... Bxe5 $1 $15 12. fxe5 Qg5 (12... Nc6 $15) 13. Rf3 {[%emt 0:03:29] A sharp opening} cxd4 ({Better is} 13... Nc6 $11 14. Nxe4 dxe4 (14... fxe4 15. Rg3 $11)) 14. Bxe4 {[%emt 0:01:15] White sacrificed a pawn} (14. Nxe4 $5 dxe4 15. Bxe4 fxe4 16. Rxf8+ Kxf8 17. Qxd4 $14) 14... dxe4 (14... fxe4 $5 15. Rg3 (15. Rxf8+ Kxf8 16. exd4 Nc6 $14) 15... Qh6 $11 (15... Qxe5 $2 16. Bxd4 $18)) 15. Rg3 (15. Nxe4 $14 fxe4 16. Rxf8+ Kxf8 17. Qxd4) 15... Qe7 16. exd4 f4 $2 (16... Bb7 $15 {keeps the upper hand.}) 17. Rh3 $1 $16 Bb7 {[%emt 0:02:24] [#]} 18. Qg4 {[%emt 0:01:07] Repels Qg5} (18. Qc2 $6 Qg5 $14) ({White has to play} 18. Qb1 $1 $16) 18... e3 $11 19. Nf3 {[%emt 0:06:23][%cal Od4d5] d5! is the strong threat.} Be4 $36 {[%emt 0:00:53][%mdl 2048] and ...Nc6 would now be decisive White is under pressure.} 20. Ba3 {[%emt 0:07:00] [#]} Bxf3 $1 $17 (20... Qxa3 21. Qxe6+ Rf7 (21... Kh8 22. Ng5 $16) 22. Ng5 $11) 21. Qxf3 {[%emt 0:05:57][%mdl 8192] [#] Now White is beyond hope.} (21. Bxe7 $2 Bxg4 22. Rh4 Rf7 23. Rxg4 Rxe7 $19) (21. gxf3 $15 Qxa3 22. Qxe6+ Rf7 23. Qd5) 21... Qxa3 $1 $19 {[%emt 0:00:18] Black is clearly winning.} 22. Qxa8 (22. Qe4 $142 g6 23. Qb7 (23. Qxa8 $2 Qb2 $19)) (22. Rf1 Nd7) 22... Qb2 $1 23. Rf1 e2 24. Qe4 exf1=Q+ 25. Kxf1 h6 26. Rxh6 (26. Rf3 $142) 26... Qc1+ (26... gxh6 27. Qg6+ Kh8 28. Qxh6+ Kg8 29. Qg6+ Kh8 30. Qh6+ Kg8 31. Qg6+ Kh8 32. Qh6+ $11) (26... Qxa2 $2 {is the wrong capture.} 27. Qh7+ Kf7 28. Rf6+ Ke8 29. Qg6+ (29. Qxg7 Qb1+ 30. Kf2 Qc2+ 31. Kf3 Qd1+ 32. Ke4 Qe2+ 33. Kxf4 Qf2+ 34. Ke4 Qc2+ 35. Ke3 Qc3+ 36. Kf4 Qxd4+ 37. Kf3 Nd7 $19) (29. Rxe6+ Kd8 $11) 29... Kd8 30. Rxf8+ $18) 27. Ke2 f3+ ({And not} 27... gxh6 28. Qg6+ Kh8 29. Qxh6+ Kg8 30. Qg6+ Kh8 31. Qh6+ Kg8 32. Qg6+ Kh8 33. Qh6+ $11) 28. gxf3 Qxh6 {[%emt 0:00:19] Weighted Error Value: White=0.79/Black=0.25 (precise)   Loses game:     	White=1     	---        Mistake:       	White=6     	Black=3      Inaccurate:     	White=3     	Black=1      OK:         	White=4     	Black=5      Best:        	---       	Black=3      Strong:       	White=1     	Black=2} 0-1

[Event "44th Indian Team Championship 2025"]
[Site "Gujarat"]
[Date "2025.03.05"]
[Round "1.5"]
[White "Aaradhya Jain"]
[Black "Vignesh N R"]
[Result "0-1"]
[Annotator "TA"]
[ECO "E26"]
[WhiteElo "1815"]
[BlackElo "2537"]
[PlyCount "106"]
[EventDate "2025.03.03"]
[EventCountry "IND"]
[SourceTitle "playchess.com"]
[Source "ChessBase"]
[SourceQuality "1"]
[TimeControl "5400+30"]

1. d4 Nf6 2. c4 e6 3. Nc3 Bb4 4. a3 Bxc3+ 5. bxc3 c5 6. e3 b6 7. Bd3 Bb7 8. f3 Nc6 9. Ne2 d6 10. O-O O-O 11. e4 {[%emt 0:00:25] E26: Nimzo-Indian: Sämisch: 5...c5 6 e3.} Ne8 12. d5 Na5 13. Ng3 {[%emt 0:01:16] The position is equal.} Ba6 14. f4 $146 (14. Qe2 Qd7 15. a4 f5 16. dxe6 Qxe6 17. Nxf5 Bxc4 18. Bxc4 Qxc4 19. Qxc4+ Nxc4 20. Ne3 Nxe3 21. Bxe3 {1-0 Boleslawski,Z-Gawlikowski,S POL-ch10 Katowice 1952 (10)}) 14... Bxc4 15. f5 (15. Bxc4 $11 Nxc4 16. Qd3 exd5 17. Qxd5) 15... Bxd3 $17 (15... exd5 16. Bxc4 Nxc4 17. f6 $11) 16. Qxd3 Nb3 17. Rb1 (17. fxe6 $1 $15 Nxa1 18. Nf5 fxe6 19. dxe6 Rxf5 (19... Qf6 20. e7 $18) 20. exf5) 17... Nxc1 18. Rbxc1 {[%emt 0:00:02] [#]} exd5 19. exd5 Nf6 20. Rce1 Re8 21. Ne4 Re5 22. Nxf6+ Qxf6 ({And not} 22... gxf6 23. Rxe5 dxe5 24. c4 $11) 23. Rxe5 Qxe5 {[%emt 0:00:02][%mdl 4096] Endgame KQR-KQR. Black is a pawn up.} 24. f6 Re8 (24... gxf6 25. Rf5 Qe1+ 26. Rf1 $11) 25. Kh1 Qe2 26. Qf5 g6 27. Qf4 Re4 28. Qc1 h5 29. h3 Kh7 30. Kh2 Qe3 31. Qb1 Rf4 32. Qe1 Qe4 33. Kg3 (33. Rg1 {is a better defense.}) 33... g5 $19 34. Kh2 Qxe1 35. Rxe1 {[%emt 0:00:01] KR-KR. Black is a pawn up.} Kg6 36. Re7 Ra4 (36... Rxf6 $2 37. Rxa7 b5 38. Ra5 $19) 37. Rd7 Rxa3 38. c4 Ra4 39. Rxd6 Rxc4 40. Rd7 Rd4 41. Rxa7 Rxd5 {[%emt 0:00:05][%cal Oc5c4] [#]} 42. Rb7 Rd6 {[%emt 0:00:02][%cal Od6c6] White must now prevent ...Rc6!.} (42... Kxf6 43. Rxb6+ Ke5 44. Rh6 $19) 43. Kg3 Rxf6 {[%emt 0:00:14] ( -> ...h4+)} 44. h4 gxh4+ {[%emt 0:00:16] Black mates.} 45. Kxh4 Rc6 46. g4 hxg4 47. Kxg4 c4 48. Rd7 c3 49. Rd1 c2 50. Rc1 b5 51. Kf4 b4 52. Ke4 b3 53. Kd3 b2 {[%emt 0:00:13] Black took control after the opening.   Weighted Error Value: White=0.50/Black=0.05 (flawless)   Mistake:       	White=3     	---        Inaccurate:     	White=3     	---        OK:         	White=7     	Black=19     Best:        	White=1     	Black=4} 0-1

[Event "44th Indian Team Championship 2025"]
[Site "Gujarat"]
[Date "2025.03.05"]
[Round "1.6"]
[White "Visakh N R"]
[Black "Ujjawal Bansal"]
[Result "1-0"]
[Annotator "TA"]
[ECO "E15"]
[WhiteElo "2514"]
[BlackElo "1780"]
[PlyCount "135"]
[EventDate "2025.03.03"]
[EventCountry "IND"]
[SourceTitle "playchess.com"]
[Source "ChessBase"]
[SourceQuality "1"]
[TimeControl "5400+30"]

1. d4 Nf6 2. c4 e6 3. Nf3 b6 4. g3 Ba6 5. b3 Bb4+ 6. Bd2 Be7 7. Nc3 c6 8. e4 d5 9. Qc2 {[%emt 0:06:11] 9.Bd3 is a critical line.} dxe4 {[%emt 0:16:47] E15: Queen's Indian: 4 g3 sidelines, 4 g3 Ba6 and 4 g3 Bb7 early deviations.} 10. Nxe4 c5 11. dxc5 Bb7 {[%emt 0:00:40] The position is equal.} 12. Bd3 bxc5 13. O-O Nc6 14. Bc3 Nb4 15. Bxb4 {[%emt 0:00:29] A sharp opening} cxb4 16. c5 $146 (16. Rad1 Qc7 17. Nxf6+ Bxf6 18. Be4 h6 19. Qe2 O-O 20. Bxb7 Qxb7 21. Rd6 a5 22. Rfd1 {½-½ Monov,A (2200)-Semov,D (2341) BUL-ch51 email 2016}) 16... O-O 17. Nxf6+ Bxf6 {[%emt 0:00:20] A strong pair of Bishops.} 18. Rad1 Qc7 19. Bxh7+ Kh8 20. Be4 Bxe4 21. Qxe4 Qxc5 22. Rd7 Kg8 23. Rfd1 a5 24. Nd2 a4 25. Qf3 Qf5 {[%emt 0:07:41] Repels Ne4} 26. Qxf5 exf5 27. Nc4 axb3 28. axb3 Rfe8 29. Ne3 Ra2 30. R7d2 Rxd2 31. Rxd2 $11 {[%emt 0:00:02][%mdl 4096] Endgame KRB-KRN} Bg5 {[%emt 0:00:26] Strongly threatening ...Rxe3.} 32. Rd3 Bxe3 33. Rxe3 {[%emt 0:04:04] KR-KR} Rc8 34. Kf1 g6 35. Ke1 Kg7 36. Rf3 Kf6 37. Rf4 Re8+ $1 38. Kd2 Rb8 (38... Re4 $1 $11) 39. h4 $14 Ke5 40. Kd3 f6 41. Rd4 g5 42. f4+ $1 gxf4 $2 (42... Ke6 $16) 43. gxf4+ $18 Ke6 44. Kc4 Kf7 45. h5 Kg7 $2 (45... Rh8 $16 46. Kxb4 Rxh5) 46. Rd5 Re8 47. Rxf5 Re4+ 48. Kd3 Re1 49. Kd4 Kf7 {[%emt 0:01:40] [#]} 50. Rb5 $1 Rh1 51. Rxb4 Rxh5 {[%emt 0:00:02] [#]} 52. Rb7+ (52. Rc4 $1 $18 {has better winning chances.}) 52... Ke6 53. Rb6+ Kf7 $2 (53... Ke7 $16 54. Ke4 Kd7) 54. Ke4 Kg6 $2 (54... Rh4 {was called for.} 55. Kf5 Rh5+ 56. Ke4 Ke7) 55. b4 Rh1 56. Rc6 {[%emt 0:05:42] and Kd5 would now be decisive} Re1+ (56... Kf7 $142 57. b5 Rb1) 57. Kd5 Rd1+ (57... Rb1 $142 58. Rc4 Kf7) 58. Kc5 Rf1 59. b5 Rxf4 60. b6 Rf5+ 61. Kd6 Rb5 62. Ke7 Rf5 63. Kd7 (63. Kd8 $142 Rb5 64. Kc7 Rh5 65. b7 Rh7+ 66. Kb6 Rh8 67. Rc8 Rh3 68. b8=Q (68. b8=B Rb3+ 69. Ka6 Ra3+ 70. Kb5 f5 $16) (68. Rg8+ Kf5 $18) 68... Rb3+ 69. Kc5 Rxb8 70. Rxb8) 63... Rb5 64. Kc7 {[%emt 0:00:02] b7 would kill now.} Kg5 (64... Rb4 $18 65. b7 Rxb7+ 66. Kxb7 Kf5) 65. b7 {[%emt 0:00:02] White mates.} Rxb7+ 66. Kxb7 f5 67. Kb6 f4 68. Kc5 {[%emt 0:00:05] Weighted Error Value: White=0.05 (flawless) /Black=0.83  Loses game:     	---       	Black=2      Missed win:     	---       	Black=1      Mistake:       	White=1     	Black=5      Inaccurate:     	---       	Black=3      OK:         	White=22    	Black=24     Best:        	White=5     	---        Strong:       	White=2     	Black=1} 1-0

[Event "44th Indian Team Championship 2025"]
[Site "Gujarat"]
[Date "2025.03.05"]
[Round "1.7"]
[White "Vedant Rupeshbhai Varasada"]
[Black "Mitrabha, Guha"]
[Result "0-1"]
[Annotator "TA"]
[ECO "B12"]
[WhiteElo "2012"]
[BlackElo "2499"]
[PlyCount "96"]
[EventDate "2025.03.03"]
[EventCountry "IND"]
[SourceTitle "playchess.com"]
[Source "ChessBase"]
[SourceQuality "1"]
[TimeControl "5400+30"]

1. e4 c6 2. d4 d5 3. e5 Bf5 4. Nf3 e6 5. Be2 Ne7 6. O-O Ng6 {[%emt 0:00:06] B12: Caro-Kann: Advance Variation.} 7. c3 Nd7 8. Be3 f6 {[%emt 0:00:06] The position is equal.} 9. exf6 Qxf6 10. Qb3 {[%emt 0:09:50] and Bg5 should not be overlooked} Rb8 11. Nbd2 Bd6 12. Ne5 $146 (12. Rfe1 O-O 13. Nf1 Nf4 14. Bxf4 Bxf4 15. Ng3 Bg6 16. Rad1 e5 17. Bd3 Bxd3 18. Rxd3 Qf7 19. Rdd1 e4 20. Nd2 Bxg3 21. fxg3 Qf2+ 22. Kh1 e3 23. Rf1 Qxd2 {0-1 Yamada,K (2164)-Kojima,S (2400) JPN-ch Tokyo 2018 (10)}) 12... Bxe5 (12... Ndxe5 $17 13. dxe5 Nxe5 (13... Qxe5 14. Nf3 $15)) 13. dxe5 $11 Qxe5 14. g4 {[%emt 0:06:51] White sacrificed a pawn} (14. Rae1 $11) 14... Nf4 $1 $17 15. Bf3 (15. gxf5 $17 Nxe2+ 16. Kh1 Qxf5 (16... exf5 17. Bxa7 Rd8 18. Rae1 $16) 17. Rae1) 15... Bg6 16. Bxa7 (16. Qa3 {keeps fighting.}) 16... Rd8 $19 17. Qxb7 O-O 18. Qxc6 {[%emt 0:01:17] [#]} Qg5 $1 19. Bd4 Nh3+ 20. Kg2 Qxd2 21. Qxe6+ Kh8 22. Qe3 Nf4+ (22... Qxb2 23. Kxh3 Rde8 24. Bxg7+ Kxg7 25. Qd4+ Re5 26. Bxd5 $15) 23. Kh1 Qxb2 24. c4 Qb4 25. cxd5 (25. Bxd5 {was forced.} Nxd5 26. cxd5) 25... Nd3 ({Weaker is} 25... Rde8 26. Qc3 Qxc3 27. Bxc3 $19) 26. Be4 Bxe4+ 27. Qxe4 N7c5 28. Qe3 Rxd5 (28... Rde8 $142 29. Bxc5 Nxc5) 29. Qe7 Ne6 30. Qxb4 Nxb4 {[%emt 0:00:01] Excellent horsemanship.} 31. Be3 (31. Bc3 $17 Nd3 32. f3) 31... Nc2 32. Rad1 Ra5 33. Bd2 Rxa2 34. f4 Nc5 35. f5 Ne4 36. Bf4 h6 37. h3 Rfa8 38. Rd3 {[%emt 0:00:30] [#]} Ne1 39. Re3 Nf2+ 40. Kg1 Ned3 41. Bh2 $2 (41. Rf3) 41... Rb2 42. Rf3 $2 (42. Be5 Nxh3+ 43. Rxh3 Nxe5 44. g5) 42... Raa2 43. Bc7 Kg8 {[%emt 0:00:39] Strongly threatening ...Rc2.} 44. h4 Rb4 45. g5 (45. R1xf2 $142 Rxg4+ (45... Nxf2 $2 46. Rxf2 Rxg4+ 47. Kf1 $19) 46. Kf1 Rxf2+ (46... Nxf2 $2 47. Rxf2 Rxf2+ 48. Kxf2 $19) 47. Rxf2 Nxf2 (47... Rxh4 48. Ra2 $15) 48. Kxf2) 45... Rxh4 46. gxh6 Nh3+ 47. Kh1 Nhf4+ 48. Kg1 Rg2# {[%emt 0:00:02] Weighted Error Value: White=0.68/Black=0.27 (precise)   Mistake:       	White=9     	Black=3      Inaccurate:     	White=5     	Black=1      OK:         	White=8     	Black=19     Best:        	White=2     	Black=4      Strong:       	---       	Black=1} 0-1

[Event "44th Indian Team Championship 2025"]
[Site "Gujarat"]
[Date "2025.03.05"]
[Round "1.8"]
[White "Shyaam Nikhil P"]
[Black "Rishit Sharma"]
[Result "1-0"]
[Annotator "TA"]
[ECO "C00"]
[WhiteElo "2427"]
[BlackElo "1843"]
[PlyCount "123"]
[EventDate "2025.03.03"]
[EventCountry "IND"]
[SourceTitle "playchess.com"]
[Source "ChessBase"]
[SourceQuality "1"]
[TimeControl "5400+30"]

1. Nf3 d5 2. g3 Nf6 3. Bg2 e6 4. O-O Be7 5. d3 O-O 6. Nbd2 c5 7. e4 Nc6 8. Re1 b5 9. exd5 exd5 10. Nb3 {[%emt 0:00:49] C00: French: Unusual White 2nd moves.} Bb7 (10... a5 $11) 11. Bg5 $16 Qb6 12. a4 $146 {[%emt 0:07:36] White is more active.} ({White should play} 12. d4 $1 $14) (12. d4 c4 13. Nc5 h6 14. Bxf6 Bxf6 15. Nd7 Qc7 16. Nxf6+ gxf6 17. Qd2 Kg7 18. Nh4 Ne7 19. Rxe7 {1-0 Annaberdiev,M (2431)-Daulet,S (1571) FIDE World Rapid Team 2024 (12.19)}) 12... bxa4 $11 13. Rxa4 h6 14. Bd2 Rfe8 15. Nh4 Bf8 16. Rf4 Rxe1+ 17. Bxe1 Re8 18. Nf5 {[%emt 0:10:32][%cal Of5h6] [#]} Ne7 19. Ba5 Qc6 20. Bc3 Nxf5 21. Rxf5 Qd7 22. Re5 d4 23. Rxe8 Nxe8 24. Bd2 Nf6 25. Na5 Bxg2 26. Kxg2 Qd5+ 27. Qf3 a6 28. Nc4 Be7 29. g4 (29. Qxd5 {simplifies} Nxd5 30. g4 Kf8 31. f4) 29... Kf8 30. Bf4 Qxf3+ 31. Kxf3 $14 {[%emt 0:00:06][%mdl 4096] Endgame KBN-KBN} Ke8 ({Better is} 31... Nd5 $14) 32. Be5 $16 Kd7 33. Bxf6 Bxf6 {[%emt 0:00:22] KB-KN} 34. Ke4 Ke6 35. f4 Be7 (35... Bd8 $16 36. f5+ Kf6) 36. Ne5 $2 (36. f5+ $18 Kf6 37. Ne5) 36... g6 $11 37. f5+ gxf5+ 38. gxf5+ Kf6 39. h4 {[%emt 0:04:45] [#]} Kg7 40. Nd7 h5 $1 41. f6+ Bxf6 42. Nxc5 a5 43. Nb3 Bxh4 (43... a4 $1 $11 {keeps the balance.} 44. Nc5 (44. Nxd4 Kf8 $11) 44... Bxh4) 44. Nxa5 $16 {[%emt 0:00:16][%cal Oa5c6] Black is now going downhill.} Be7 (44... Kg6 $16) 45. Nc6 $1 $18 (45. Kxd4 Bf6+ 46. Ke4 Bxb2 $17) 45... Bd6 46. Nxd4 {[%emt 0:00:44] and Nf5+ would now be decisive} Kf8 $2 (46... Kg6 47. Nf5 Bb8) 47. Nf5 Bc7 48. b4 Bd8 49. c4 h4 50. Kf4 {[%emt 0:00:13] White mates.} Ke8 51. d4 Kd7 52. d5 Bf6 53. c5 Bc3 54. b5 Bb4 55. c6+ (55. Nxh4 Bxc5 56. Nf5 Kc7 $11) 55... Kc7 56. d6+ Kc8 57. Ne7+ Kb8 58. c7+ Ka7 59. Nc6+ ({Weaker is} 59. c8=B Bxd6+ 60. Kg4 Bxe7 $11) 59... Kb7 60. Nxb4 f5 61. Nd5 h3 62. d7 {[%emt 0:00:06] Weighted Error Value: White=0.15 (very precise) /Black=0.38  Missed win:     	White=1     	---        Mistake:       	White=1     	Black=6      Inaccurate:     	White=3     	Black=3      OK:         	White=11    	Black=8      Best:        	White=7     	Black=8      Strong:       	White=1     	Black=1} 1-0

[Event "44th Indian Team Championship 2025"]
[Site "Gujarat"]
[Date "2025.03.05"]
[Round "1.9"]
[White "Sankalp Gupta"]
[Black "Vikesh Nandan Kumar"]
[Result "1-0"]
[Annotator "TA"]
[ECO "B06"]
[WhiteElo "2538"]
[BlackElo "1863"]
[PlyCount "67"]
[EventDate "2025.03.03"]
[EventCountry "IND"]
[SourceTitle "playchess.com"]
[Source "ChessBase"]
[SourceQuality "1"]
[TimeControl "5400+30"]

1. Nf3 g6 2. e4 Bg7 3. d4 d6 4. Nc3 Nd7 5. Bc4 h6 6. Be3 {[%emt 0:10:17] B06: Modern Defence.} c6 7. Qd2 e5 ({Better is} 7... d5 $14) 8. dxe5 {[%emt 0:01:57] White is better.} dxe5 9. Rd1 $146 (9. O-O-O Qc7 10. h4 Nb6 11. Bb3 Bg4 12. Kb1 Bd7 13. h5 g5 14. Bxg5 hxg5 15. Qxg5 {0-1 Castillo Pena,P (1770)-Franco Valencia,B (2103) Speed Chess (Women) Q2 blitz 2020 (1)}) 9... Qe7 {[%emt 0:00:23] Dodges Bc5} 10. a4 Ngf6 11. h3 $1 {[%emt 0:00:31] Wards off Ng4} Nh5 12. O-O g5 13. Ba2 {[%emt 0:11:47] Black is weak on the light squares} O-O 14. Qd6 Re8 {[%emt 0:08:43] A sharp opening} 15. Qxe7 Rxe7 16. Rd6 Nf8 17. Rd8 (17. h4 $142) 17... b6 (17... Rd7 $142 18. Rxd7 Bxd7) 18. Rfd1 $36 {[%emt 0:01:35][%cal Bf1d1,Bd1d6,Bd6c6][%mdl 2080] White is on the roll. White has more active pieces. The black rooks are passive.} Nf4 19. a5 {[%emt 0:02:15] White plays on the queen side and is better} c5 {[%emt 0:04:59] This costs Black the game.} (19... Kh7 $16) 20. R1d6 {[%emt 0:02:48] [#] Black must now prevent Nd5.} Rb8 $2 (20... Bb7 21. Rxa8 (21. axb6 Rxd8 22. Rxd8 axb6 $16) 21... Bxa8 22. axb6 axb6 23. Rxb6 Re8) 21. Rc6 Bb7 22. Rxb8 Bxc6 23. axb6 axb6 24. Rxb6 Rc7 25. Bxc5 Nd7 26. Bd6 Rc8 27. Ra6 Ng6 28. Ra7 Bf8 29. Bxf8 Kxf8 30. Nd2 Nf4 31. Nc4 {[%emt 0:00:20] White is clearly winning.} Ne6 32. Nd6 Rb8 33. Bd5 Bxd5 34. Nxd5 {[%emt 0:00:03] Weighted Error Value: White=0.14 (very precise) /Black=0.33  Mistake:       	White=1     	Black=4      Inaccurate:     	White=1     	Black=3      OK:         	White=14    	Black=12     Best:        	---       	Black=1      Strong:       	White=1     	---} 1-0